 Dungeon Crawl Stone Soup version 0.26.1-2-gb8aa6d0cf2 (webtiles) character file.

Game seed: 6109049621402433553

1073 hawla the Conjurer (level 8, -1/41 HPs)
             Began as a Deep Elf Conjurer on Feb 15, 2021.
             Was a Follower of Vehumet.
             Slain by a lemure (9 damage)
             ... led by Pikel
             ... on level 5 of the Dungeon.
             The game lasted 00:14:34 (5362 turns).

hawla the Conjurer (Deep Elf Conjurer)              Turns: 5362, Time: 00:14:34

Health: -1/41      AC:  3    Str:  4    XL:     8   Next: 7%
Magic:  19/19      EV: 13    Int: 26    God:    Vehumet [*.....]
Gold:   165        SH:  0    Dex: 13    Spells: 12/19 levels left

rFire    . . .     SeeInvis .   i - +0 quarterstaff
rCold    . . .     Faith    .   (shield currently unavailable)
rNeg     + . .     Spirit   .   a - +2 robe
rPois    .         Reflect  .   (no helmet)
rElec    .         Harm     .   (no cloak)
rCorr    .         Rampage  .   c - +2 pair of gloves
Will     .....                  (no boots)
Stlth    +++.......             (no amulet)
HPRegen  0.13/turn              h - ring of stealth
MPRegen  0.16/turn              n - ring of positive energy

@: corroded
A: no striking features
a: Renounce Religion


You were on level 5 of the Dungeon.
You worshipped Vehumet.
Vehumet was aware of your devotion.
You visited 2 branches of the dungeon, and saw 6 of its levels.

You collected 165 gold pieces.

Inventory:

Hand Weapons
 i - a +0 quarterstaff (weapon)
Missiles
 m - 20 poisoned darts
Armour
 a - a +2 robe (worn)
 c - a +2 pair of gloves (worn)
Magical Staves
 k - an uncursed staff of death
Jewellery
 h - a ring of stealth (left hand)
 n - a ring of positive energy (right hand)
 o - an uncursed ring of ice {unknown}
 p - an uncursed amulet of regeneration {unknown}
 t - an uncursed ring of resist corrosion {unknown}
 u - an uncursed ring of willpower {unknown}
 v - an uncursed ring of protection from cold {unknown}
 y - an uncursed ring of wizardry {unknown}
Wands
 q - a wand of polymorph (9)
Scrolls
 b - 2 scrolls of amnesia
 g - a scroll of remove curse
 w - a scroll of immolation {unknown}
 x - a scroll of fog {unknown}
Potions
 d - 2 potions of curing
 e - a potion of haste
 f - 2 potions of lignification {unknown}
 j - 2 potions of might {unknown}
 l - a potion of flight {unknown}
 r - a potion of berserk rage {unknown}
 s - a potion of mutation {unknown}


   Skills:
 - Level 0.1 Fighting
 + Level 2.0 Staves
 - Level 0.1 Throwing
 + Level 3.0 Dodging
 - Level 2.4 Stealth
 - Level 6.0 Spellcasting
 * Level 7.6 Conjurations
 - Level 3.8 Translocations
 + Level 4.4 Fire Magic
 - Level 0.1 Evocations


You had 12 spell levels left.
You knew the following spells:

 Your Spells              Type           Power        Failure   Level
a - Magic Dart            Conj           100%         1%          1
b - Searing Ray           Conj           94%          1%          2
c - Iskenderun's Mystic   Conj/Tloc      37%          6%          4

Your spell library contained the following spells:

 Spells                   Type           Power        Failure   Level
 Foxfire                  Conj/Fire      100%         1%          1
 Dazzling Flash           Conj/Hex       54%          4%          3
 Fulminant Prism          Conj/Hex       13%          14%         4


Dungeon Overview and Level Annotations

Branches:
Dungeon (5/15)             Temple (1/1) D:4

Altars:
Ashenzari
Dithmenos
Gozag
Hepliaklqana
Kikubaaqudgha
Nemelex Xobeh
Okawaru
Qazlal
Ru
Sif Muna
Vehumet
Wu Jian
Yredelemnul

Shops:
D:5 (

Annotations:
D:2 treasures under glass
D:5 Pikel


Message History

Magic restored.
You start resting.
HP restored.
You climb downwards.
Level annotation: Pikel The lemure hits you.
There is a stone staircase leading up, spattered with blood here.
The lemure hits you!
A sky beast comes into view.
The sky beast flickers out of sight!
Deactivating autopickup; reactivate with Ctrl-A.
Something hits you but does no damage. The lemure barely misses you.
Pikel zaps a wand.
The bolt of acid hits you. The acid corrodes you!
You are splashed with acid!
Something hits you. Something shocks you.
* * * LOW HITPOINT WARNING * * *
The lemure closely misses you. Pikel barely misses you.
A sky beast appears from thin air!
Reactivating autopickup.
The lemure hits you!
You die...

....#.#......#
#..#.#......#
##########..#.#......#
#.........#.#.'......#
#.........#.#.#......#
#.........#..........#
#.........##..########
#####.........##..#
........Y@....###.#
.....$.ยง5K....###>#
..................######
............##[.........
..?.........##..<.......
........................
.......##...?...........
###.### ####...###......
#. ##..# ......


You could see Pikel, a sky beast and a lemure.

Vanquished Creatures
  An ice beast (D:5)
  An eye of draining (D:4)
  A black bear (D:4)
  3 lemures (D:5)
  A scorpion (D:4)
  4 hounds
  2 jellies
  3 orc priests
  A bullfrog skeleton (D:4)
  A centaur skeleton (D:5)
  3 orc wizards
  Terence (D:2)
  4 worker ants (D:4)
  Natasha (thrice) (D:2)
  A worker ant zombie (D:5)
  5 adders
  2 shadow imps (D:5)
  A worm (D:3)
  A dart slug (D:1)
  A leopard gecko (D:3)
  11 orcs
  2 giant cockroaches
  6 goblins
  6 hobgoblins
  11 jackals
  2 quokkas
  A ball python (D:4)
  5 bats
  5 frilled lizards
  5 kobolds
  2 leopard gecko skeletons
  A quokka skeleton (D:4)
  6 rats
103 creatures vanquished.

Notes
Turn   | Place    | Note
-------+----------+-------------------------------------------
     0 | D:1      | hawla the Deep Elf Conjurer began the quest for the Orb.
     0 | D:1      | Reached XP level 1. HP: 10/10 MP: 6/6
   356 | D:1      | Reached XP level 2. HP: 15/15 MP: 6/8
  1120 | D:2      | Noticed Terence
  1126 | D:1      | Learned a level 2 spell: Searing Ray
  1128 | D:2      | Noticed Natasha
  1131 | D:2      | Killed Terence
  1132 | D:2      | Reached skill level 1 in Fire Magic
  1132 | D:2      | Reached XP level 3. HP: 14/19 MP: 3/10
  1417 | D:2      | Killed Natasha
  1473 | D:2      | Reached XP level 4. HP: 24/24 MP: 8/12
  1478 | D:2      | Learned a level 4 spell: Iskenderun's Mystic Blast
  1561 | D:2      | Noticed Natasha
  1565 | D:2      | Killed Natasha
  1566 | D:2      | Reached skill level 5 in Conjurations
  1721 | D:2      | Noticed Natasha
  1725 | D:2      | Killed Natasha
  2121 | D:2      | You fall into a shaft and drop 2 floors!
  2144 | D:4      | Found a staircase to the Ecumenical Temple.
  2158 | D:4      | Reached skill level 1 in Translocations
  2158 | D:4      | Reached XP level 5. HP: 28/28 MP: 10/13
  2267 | D:4      | Reached skill level 1 in Staves
  2320 | D:4      | Reached XP level 6. HP: 23/32 MP: 5/15
  2401 | D:4      | Reached skill level 5 in Spellcasting
  2401 | D:4      | Reached skill level 6 in Conjurations
  2503 | Temple   | Entered the Ecumenical Temple
  2510 | Temple   | Became a worshipper of Vehumet
  2689 | D:3      | Found a basalt altar of Yredelemnul.
  3917 | D:4      | Reached XP level 7. HP: 36/36 MP: 12/16
  4140 | D:4      | Reached * piety under Vehumet
  4140 | D:4      | Offered knowledge of Foxfire by Vehumet.
  4577 | D:4      | Reached skill level 7 in Conjurations
  4743 | D:5      | Entered Level 5 of the Dungeon
  4743 | D:5      | Found Dyp Epa's Weapon Emporium.
  5105 | D:5      | Reached XP level 8. HP: 41/41 MP: 14/19
  5149 | D:5      | Noticed Pikel
  5362 | D:5      | Slain by a lemure

Illustrated notes

Levels and vault maps discovered:
D:1:      dpeg_arrival_short_road, layout_basic, serial_aquarium,
          aquarium_bridge_square [aquarium_subvault_window,
          aquarium_subvault_window, aquarium_subvault_wall,
          aquarium_subvault_bridge], aquarium_window_3, aquarium_window_corner,
          aquarium_window_fake, aquarium_view_2c, aquarium_view_2c,
          aquarium_balcony_3b, aquarium_pool_five
D:2:      layout_rooms, due_unseen_surprise, uniq_terence, uniq_natasha
D:3:      layout_basic, nicolae_overflow_hidden_temple
D:4:      layout_loops_ring, minmay_temple_entry_trees, minmay_divided_ellipse
D:5:      layout_basic, lemuel_round_altar, serial_shops, nicolae_shop_crystal,
          kennysheep_generic_room_12, uniq_pikel
Temple:   nicolae_temple_no_exploring_needed

Skill      XL: |  1  2  3  4  5  6  7 |
---------------+----------------------+-----
Dodging        | 3 |  3.0
Fire Magic     | 1 2 3 4 |  4.4
Spellcasting   | 4 5 6 |  6.0
Conjurations   | 5 6 7 |  7.6
Translocations | 1 2 3 |  3.8
Staves         | 1 2 |  2.0
Fighting       | |  0.1
Throwing       | |  0.1
Stealth        | |  2.4
Evocations     | |  0.1

Action                   |  1- 3 |  4- 6 |  7- 9 || total
-------------------------+-------+-------+-------++-------
Melee: Quarterstaff      |       |    25 |    17 ||    42
 Cast: Magic Dart        |    21 |    33 |    16 ||    70
       Searing Ray       |     5 |    34 |    18 ||    57
       Iskenderun's Myst |       |       |     3 ||     3
  Use: Scroll            |       |     8 |       ||     8
Armor: Robe              |     2 |    11 |     7 ||    20
Dodge: Dodged            |     7 |    35 |    11 ||    53
